Map: Newkirk Precinct TE (Void)

Players

Railgan

  • Race: Zerg Zerg
  • League: Grandmaster
  • Spawn Location: 7:00

Warren - Winner!

  • Race: Zerg Zerg
  • League: Grandmaster
  • Spawn Location: 5:00

VOD

Have the link to the VOD?

Description

Time

  • Played on: March 19, 2017, 8:16 p.m.
  • Length: 9:07
Show
View Real Time Build Order
Export as new Build Order

Railgan Zerg 

Build Orders: Pool First 

Get SALT Encoding   

  12  0:01  Drone  
  13  0:13  Overlord  
  13  0:18  Drone  
  14  0:31  Drone x2  
  14  0:35  Drone  
  17  0:45  Drone  
  17  0:49  Spawning Pool  
  17  0:56  Drone  
  18  1:13  Hatchery  
  18  1:14  Extractor  
  18  1:17  Drone  
  17  1:21  Drone  
  18  1:28  Drone  
  19  1:36  Queen  
  21  1:41  Zergling x2  
  22  1:50  Overlord  
  22  2:10  Drone  
  22  2:11  Drone  
  22  2:12  Queen  
  22  2:15  Metabolic Boost  
  27  2:22  Zergling x2  
  27  2:25  Queen  
  27  2:26  Drone  
  30  2:32  Drone  
  31  2:38  Drone, Baneling Nest  
  31  2:44  Overlord  
  31  2:45  Drone  
  31  2:50  Drone  
  32  2:52  Drone  
  32  2:58  Overlord  
  33  2:59  Drone  
  34  3:06  Zergling x2  
  34  3:09  Drone  
  34  3:10  Extractor  
  35  3:13  Lair  
  35  3:17  Drone  
  35  3:18  Drone  
  37  3:23  Baneling  
  37  3:24  Drone x2  
  39  3:28  Drone  
  40  3:35  Roach Warren, Drone  
  40  3:37  Drone  
  40  3:40  Drone  
  42  3:42  Baneling x2  
  42  3:44  Drone  
  42  3:47  Overlord  
  43  3:56  Zergling x2  
  43  3:57  Zergling x6  
  43  4:02  Zergling x2  
  46  4:03  Zergling x4  
  46  4:04  Zergling x2  
  46  4:05  Zergling x2  
  46  4:07  Zergling x2  
  46  4:08  Zergling x2  
  48  4:13  Queen  
  48  4:17  Baneling  
  48  4:18  Baneling  
  47  4:25  Roach  
  47  4:26  Roach  
  47  4:28  Queen  
  53  4:31  Drone  
  53  4:32  Drone  
  53  4:37  Overlord  
  55  4:50  Drone, Roach x2  
  57  5:00  Extractor  
  57  5:05  Glial Reconstitution  
  56  5:07  Roach  
  56  5:08  Roach  
  56  5:10  Hatchery  
  56  5:12  Drone x2  
  61  5:17  Evolution Chamber  
  60  5:23  Drone x2  
  60  5:24  Overlord  
  60  5:27  Drone x2  
  64  5:31  Drone  
  65  5:42  Roach x4  
  72  5:46  Baneling  
  72  5:49  Zerg Missile Weapons Level 1, Roach x2  
  75  5:52  Baneling  
  75  5:55  Baneling  
  75  5:57  Overlord x2  
  75  6:13  Queen  
  75  6:22  Roach x9  
  75  6:25  Queen  
  93  6:30  Roach  
  93  6:31  Overlord  
  97  6:38  Overlord  
  97  6:43  Overlord  
  97  6:46  Drone  
  97  6:49  Overlord  
  97  6:50  Drone  
  97  6:51  Drone x3  
  101  7:07  Drone  
  100  7:13  Drone  
  100  7:14  Drone x5  
  106  7:15  Roach  
  106  7:21  Roach  
  106  7:22  Roach  
  107  7:23  Roach  
  107  7:24  Roach x2  
  107  7:26  Roach  
  107  7:27  Ravager  
  107  7:28  Ravager  
  117  7:32  Overlord  
  117  7:34  Roach  
  119  7:38  Roach  
  121  7:45  Roach x2  
  121  7:48  Roach  
  121  7:49  Roach x2  
  112  7:54  Roach x6  
  112  7:59  Roach x2  
  112  8:02  Roach  
  108  8:09  Roach  
  108  8:11  Roach x2  
  108  8:12  Queen  
  108  8:19  Roach  
  112  8:20  Roach x2  
  112  8:24  Queen  
  116  8:27  Roach  
  116  8:32  Overlord, Roach x4  
  124  8:34  Extractor  
  113  8:44  Roach x3  
  82  9:04  Extractor  
Show
View Real Time Build Order
Export as new Build Order

Warren Zerg - Winner!

Build Orders: Hatch First 

Get SALT Encoding   

  12  0:00  Drone  
  13  0:13  Overlord  
  13  0:18  Drone  
  14  0:31  Drone x2  
  16  0:35  Drone  
  17  0:53  Hatchery  
  17  0:56  Drone  
  17  0:58  Drone  
  18  1:04  Extractor  
  17  1:14  Spawning Pool  
  16  1:21  Drone x2  
  18  1:29  Drone  
  19  1:39  Overlord  
  19  1:50  Drone  
  21  2:01  Drone, Queen  
  21  2:04  Queen  
  21  2:06  Metabolic Boost  
  25  2:09  Zergling x2  
  25  2:12  Drone  
  27  2:17  Drone  
  28  2:25  Baneling Nest  
  28  2:26  Drone  
  28  2:39  Drone x2  
  28  2:40  Drone  
  31  2:58  Hatchery, Overlord  
  30  3:00  Zergling x2  
  30  3:02  Zergling x2  
  32  3:08  Zergling x4  
  34  3:16  Zergling x2  
  34  3:17  Zergling x2  
  34  3:19  Baneling x2  
  36  3:21  Overlord  
  36  3:22  Zergling x2  
  37  3:32  Drone x2  
  37  3:33  Drone x2  
  41  3:41  Roach Warren  
  40  3:43  Drone x2  
  42  3:48  Drone x2  
  42  3:50  Drone  
  44  4:04  Drone x3  
  44  4:05  Drone x3  
  48  4:13  Lair  
  48  4:14  Extractor  
  48  4:16  Evolution Chamber  
  46  4:18  Zergling x6  
  48  4:26  Queen  
  48  4:29  Zergling x6  
  53  4:34  Overlord  
  53  4:37  Baneling  
  53  4:38  Baneling x2  
  53  4:43  Zerg Missile Weapons Level 1  
  51  4:59  Drone x3  
  55  5:00  Drone x6  
  55  5:02  Overlord  
  60  5:17  Glial Reconstitution  
  60  5:19  Extractor  
  60  5:20  Overlord  
  61  5:21  Roach x3  
  61  5:22  Roach  
  65  5:48  Roach x8  
  81  5:52  Overlord x2  
  81  5:53  Extractor, Overlord  
  78  6:11  Roach  
  78  6:12  Roach x6  
  90  6:23  Overlord x2  
  90  6:24  Roach  
  90  6:25  Roach x4  
  98  6:31  Overlord  
  98  6:32  Overlord  
  98  6:38  Zergling x8  
  102  6:41  Zerg Missile Weapons Level 2  
  102  6:52  Zergling x18  
  111  6:59  Baneling x2  
  111  7:00  Baneling  
  111  7:02  Zergling x2  
  111  7:06  Roach x4  
  119  7:17  Roach x4  
  119  7:19  Baneling  
  119  7:20  Baneling x2  
  119  7:21  Baneling x2  
  127  7:26  Ravager  
  128  7:41  Roach x5  
  113  8:01  Roach x11  
  123  8:21  Roach x7  
  123  8:23  Ravager  
  126  8:44  Roach  
  126  8:45  Roach x8  
Tags
 
Add a new tag
Caveats
  • Supply blocks, unpowered buildings, or Contaminate may cause inaccurate times.
  • Supply counts are checked every 10 seconds.